 Dungeon Crawl Stone Soup version 0.31.0-11-ge490571c62 (webtiles) character file.

Game seed: 13875834612177401146

278 ezpacito the Chopper (level 6, -1/72 HPs)
             Began as a Demonspawn Berserker on Jan 30, 2024.
             Was a Believer of Trog.
             Succumbed to a kobold brigand's poison
             ... in a sewer.
             The game lasted 00:04:18 (2661 turns).

ezpacito the Chopper (Demonspawn Berserker)         Turns: 2661, Time: 00:04:18

Health: -1/72      AC:  8    Str: 17    XL:     6   Next: 5%
Magic:  6/6        EV: 11    Int:  7    God:    Trog [**....]
Gold:   121        SH:  0    Dex: 15    Spells: 5/5 levels left

rFire   . . .        a - +0 hand axe
rCold   . . .        (no shield)
rNeg    . . .        l - +0 ring mail
rPois   .            b - +0 hat
rElec   .            q - +0 cloak
rCorr   .            (no gloves)
SInv    .            (no boots)
Will    .....        (no amulet) Stlth
                     (no ring)
HPRegen 0.32/turn    (no ring)
MPRegen 0.10/turn

%: no passive effects
@: berserking (expiring), lethally poisoned (-1 -> -10), quick
A: slimy green scales 1, foul stench 2
a: Renounce Religion, Berserk, Trog's Hand


You were in a sewer.
You worshipped Trog.
Trog was pleased with you.
You visited 1 branch of the dungeon, and saw 3 of its levels.
You also visited: Sewer.

You collected 121 gold pieces.

Inventory:

Hand Weapons
 a - a +0 hand axe (weapon)
 o - a +0 orcbow
 p - a +2 quarterstaff of chaos
 r - a +0 dagger of venom
Missiles
 e - a throwing net (quivered)
 f - 5 poisoned darts
 g - 32 stones
 s - a curare-tipped dart
Armour
 b - a +0 hat (worn)
 l - a +0 ring mail (worn)
 q - a +0 cloak (worn)
Scrolls
 c - a scroll of revelation
 d - 2 scrolls of fog {unknown}
 h - a scroll of vulnerability {unknown}
 i - a scroll of poison {unknown}
 m - 2 scrolls of identify {unknown}
 n - 2 scrolls of immolation {unknown}
 u - 3 scrolls of enchant armour {unknown}
 v - a scroll of teleportation {unknown}
Potions
 j - a potion of heal wounds {unknown}
 k - 2 potions of cancellation {unknown}
 t - 2 potions of might {unknown}


   Skills:
 * Level 3.9 Fighting
 * Level 4.2 Axes
 * Level 0.9 Ranged Weapons
 * Level 2.6 Armour
 * Level 2.5 Dodging
 * Level 1.3 Stealth
 * Level 1.3 Unarmed Combat


You had 5 spell levels left.
You didn't know any spells.
Your spell library was empty.

Dungeon Overview and Level Annotations

Branches:
Dungeon (3/15)              Sewer (1/1)

Altars:
Fedhas
Wu Jian


Innate Abilities, Weirdness & Mutations

You are partially covered in slimy green scales. (AC +2)
You sometimes emit foul miasma when damaged in melee.


Message History

You feel yourself moving faster!
You feel mighty!
You feel very sick.
The kobold brigand hits you with a +0 dagger.
You barely miss the kobold brigand.
You feel sick.
The kobold brigand throws a poisoned dart.
The poisoned dart hits you!
You are more poisoned.
You barely miss the kobold brigand.
You feel very sick.
The kobold brigand hits you with a +0 dagger.
* * * LOW HITPOINT WARNING * * *
Your unstable footing causes you to fumble your attack.
You feel very sick.
The kobold brigand throws a poisoned dart.
The poisoned dart hits you!
You are lethally poisoned!
The kobold brigand hits you but does no damage.
Your unstable footing causes you to fumble your attack.
* * * LOW HITPOINT WARNING * * *
You feel very sick.
The kobold brigand throws a poisoned dart.
The poisoned dart barely misses you.
You closely miss the kobold brigand.
* * * LOW HITPOINT WARNING * * *
You feel very sick.
The kobold brigand hits you but does no damage.
You closely miss the kobold brigand. You hit the kobold brigand.
* * * LOW HITPOINT WARNING * * *
You feel very sick.
The kobold brigand hits you but does no damage.
You closely miss the kobold brigand.
The kobold brigand is lightly wounded.
You slash the kobold brigand!
* * * LOW HITPOINT WARNING * * *
You feel sick.
The kobold brigand hits you with a +0 club.
* * * LOW HITPOINT WARNING * * *
The kobold brigand hits you but does no damage.
Your unstable footing causes you to fumble your attack.
You die...

#.~...####.....#####
##..~## ##.~~## #
##~## ##≈## #~# #≈#
#~# #≈# #†# #≈#
##~## ##≈## ##~..##
##.~.## #
#.K@..####..~~.#####
#.~K.~≈≈≈≈.~.~~≈≈≈≈≈
#..~~.####~.~..#####
##...## ##.~~## #
##.## ##~## #.# #~#
#.# #~# #.# ##~##
##...## #


You could see 2 kobold brigands.

Vanquished Creatures
  2 kobold brigands (Sewer)
  Crazy Yiuf (D:2)
  4 adders
  3 dart slugs
  4 ribbon worms
  4 bats
  8 endoplasms
  5 giant cockroaches
  4 goblins (D:2)
  5 hobgoblins
  6 kobolds
  3 quokkas (D:3)
  7 ball pythons
  A frilled lizard (D:2)
  7 rats
64 creatures vanquished.

Notes
Turn   | Place    | Note
-------+----------+-------------------------------------------
     0 | D:1      | ezpacito the Demonspawn Berserker began the quest for the
                  | Orb.
     0 | D:1      | Reached XP level 1. HP: 18/18 MP: 1/1
    28 | D:1      | Found a faded altar of an unknown god.
   188 | D:1      | Gained mutation: You are partially covered in slimy green
                  | scales. (AC +2) [demonic ancestry]
   188 | D:1      | Reached XP level 2. HP: 24/24 MP: 2/2
   299 | D:1      | Reached skill level 3 in Axes
   650 | D:1      | Found an ornate altar of the Wu Jian Council.
   979 | D:2      | Gained mutation: You may rarely emit foul miasma when
                  | damaged in melee. [demonic ancestry]
   979 | D:2      | Reached XP level 3. HP: 24/29 MP: 3/3
  1107 | D:2      | Found a runed translucent door.
  1108 | D:2      | Noticed Crazy Yiuf
  1218 | D:2      | Reached ** piety under Trog
  1323 | D:2      | Reached XP level 4. HP: 12/36 MP: 4/4
  1471 | D:2      | Found a blossoming altar of Fedhas.
  1907 | D:2      | Killed Crazy Yiuf
  1908 | D:2      | Reached skill level 1 in Stealth
  2016 | D:3      | Found a glowing drain.
  2111 | Sewer    | Entered a sewer
  2168 | Sewer    | Noticed a kobold brigand
  2177 | Sewer    | Killed a kobold brigand
  2178 | Sewer    | Reached skill level 1 in Unarmed Combat
  2178 | Sewer    | Reached XP level 5. HP: 22/42 MP: 5/5
  2366 | Sewer    | Reached skill level 4 in Axes
  2564 | Sewer    | Gained mutation: You sometimes emit foul miasma when
                  | damaged in melee. [demonic ancestry]
  2564 | Sewer    | Reached XP level 6. HP: 48/48 MP: 6/6
  2660 | Sewer    | HP: 1/72 [kobold brigand/+0 club (5)]
  2661 | Sewer    | Succumbed to a kobold brigand's poison

Illustrated notes

Levels and vault maps discovered:
D:1:      sevenhm_arrival_forest_fort_small_6, layout_basic,
          shapermc_ecumenical_altar_starsandcircs, hangedman_decor_growths,
          minmay_tiny_reverse_x
D:2:      layout_rooms, serial_forest, infiniplex_forest_clump_tiny,
          infiniplex_forest_end_double, infiniplex_forest_end_1,
          infiniplex_forest_clump_tiny, infiniplex_forest_clump_medium,
          infiniplex_forest_clump_small, infiniplex_forest_straight_2,
          infiniplex_forest_end_2, infiniplex_forest_end_3, basic_altar,
          uniq_crazy_yiuf_cottage
D:3:      layout_loops_ring, portal_sewer_entry_f, uniq_grinder
Sewer:    sewer_co_15_rooms

Skill      XL: |  1  2  3  4  5 |
---------------+----------------+-----
Dodging        | 2 |  2.5
Axes           | 3 4 |  4.2
Armour         | 2 |  2.6
Stealth        | 1 |  1.3
Unarmed Combat | 1 |  1.3
Fighting       | |  3.9
Ranged Weapons | |  0.9

Action                     |  1- 3 |  4- 6 || total
---------------------------+-------+-------++-------
  Melee: Hand axe          |   106 |   179 ||   285
         Punch             |     1 |     3 ||     4
 Invoke: Berserk           |       |     4 ||     4
    Use: Scroll            |       |     1 ||     1
   Stab: Sleeping          |     1 |       ||     1
 Armour: Animal skin       |    26 |       ||    26
         Ring mail         |    24 |   107 ||   131
  Dodge: Dodged            |    71 |    62 ||   133
